 Dungeon Crawl Stone Soup version 0.28.0-53-g5a82cb258f (webtiles) character file.

Game seed: 14542051448575505374

28 Barsook the Skirmisher (level 3, -1/33 HPs)
             Began as a Hill Orc Fighter on June 18, 2022.
             Slain by a gnoll
             ... wielding a +0 whip
              (5 damage)
             ... on level 2 of the Dungeon.
             The game lasted 00:01:11 (1262 turns).

Barsook the Skirmisher (Hill Orc Fighter)           Turns: 1262, Time: 00:01:12

Health: -1/33      AC:  6    Str: 20    XL:     3   Next: 14%
Magic:  3/3        EV:  9    Int:  8    God:
Gold:   40         SH:  4    Dex: 10    Spells: 2/2 levels left

rFire   . . .      SeeInvis .   a - +1 war axe
rCold   . . .      Faith    .   c - +0 buckler
rNeg    . . .      Spirit   .   b - +0 scale mail
rPois   .          Reflect  .   (no helmet)
rElec   .          Harm     .   (no cloak)
rCorr   .          Rampage  .   (no gloves)
Will    .....                   (no boots)
Stlth   ..........              (no amulet)
HPRegen 0.11/turn               (no ring)
MPRegen 0.08/turn               (no ring)

@: mighty
A: no striking features
a: no special abilities


You were on level 2 of the Dungeon.
You visited 1 branch of the dungeon, and saw 2 of its levels.

You collected 40 gold pieces.

Inventory:

Hand Weapons
 a - a +1 war axe (weapon)
Armour
 b - a +0 scale mail (worn)
 c - a +0 buckler (worn)


   Skills:
 + Level 4.0 Fighting
 + Level 3.5 Axes
 + Level 3.6 Armour
 + Level 0.1 Dodging
 + Level 3.5 Shields


You had 2 spell levels left.
You didn't know any spells.
Your spell library contained the following spells:

 Spells                   Type           Power      Damage    Failure   Level
 Dazzling Flash           Conj/Hex       0%         N/A       99%         3
 Agony                    Necr           0%         N/A       100%        5
 Silence                  Hex/Air        0%         N/A       100%        5


Dungeon Overview and Level Annotations

Branches:
Dungeon (2/15)

Altars:


Message History

You slash the hobgoblin!
You kill the hobgoblin! 2 gnolls come into view.
The gnoll shouts! x2; You hear a bark!
A bat comes into view.
The gnoll throws a throwing net.
The throwing net barely misses you.
A jackal comes into view.
You see here a throwing net.
A gnoll comes into view. It is wielding a +0 whip.
The gnoll shouts!
A jackal and a gnoll come into view.
Found an escape hatch in the ceiling.
The jackal barks!
The gnoll shouts!
You hear a bark!
A jackal comes into view.
The bat hits you but does no damage.
A jackal comes into view.
The bat hits you but does no damage.
A goblin comes into view. It is wielding a +0 dagger.
The gnoll hits you with a +0 halberd! The jackal bites you.
You closely miss the gnoll. You barely miss the gnoll.
You barely miss the jackal.
The goblin shouts!
The bat hits you but does no damage. The gnoll barely misses you.
You block the jackal's attack. The gnoll barely misses you.
You hit the gnoll.
The gnoll is lightly wounded.
You slash the jackal!
You kill the jackal!
You hit the gnoll. The bat closely misses you. You block the gnoll's attack.
The jackal barely misses you. The gnoll closely misses you.
The gnoll hits you from afar with a +0 halberd!
The bat barely misses you. The jackal barely misses you.
The gnoll hits you with a +0 whip.
* * * LOW HITPOINT WARNING * * *
The bat barely misses you. The bat closely misses you.
The bat barely misses you.
You see here a throwing net.
You feel very mighty all of a sudden. The bat hits you but does no damage.
The gnoll hits you with a +0 whip.
You die...

## #.........
#.######.........
#................
#.....#.........
#.....#.......<.
#.....#h........
#....ggh........
#...b@.hgg......
#.....#g........
######.....#.........
#.......#####.......#
#.......# ##.....##
#.......### #####..
####......# .
#......# #......#


You could see 4 gnolls, 3 jackals, a goblin and a bat.

Vanquished Creatures
  A worm (D:2)
  A dart slug (D:1)
  2 endoplasms (D:1)
  A goblin (D:1)
  2 hobgoblins (D:2)
  4 jackals (D:2)
  A quokka (D:1)
  A ball python (D:1)
  2 bats
  2 frilled lizards
  6 rats
23 creatures vanquished.

Vanquished Creatures (others)
  A plant (D:1)
1 creature vanquished.

Grand Total: 24 creatures vanquished

Notes
Turn   | Place    | Note
-------+----------+-------------------------------------------
     0 | D:1      | Barsook the Hill Orc Fighter began the quest for the Orb.
     0 | D:1      | Reached XP level 1. HP: 19/19 MP: 1/1
   330 | D:1      | Reached XP level 2. HP: 25/27 MP: 2/2
   839 | D:1      | Found a faded altar of an unknown god.
  1095 | D:2      | Reached skill level 4 in Fighting
  1095 | D:2      | Reached XP level 3. HP: 16/33 MP: 3/3
  1262 | D:2      | Slain by a gnoll

Illustrated notes

Levels and vault maps discovered:
D:1:      dpeg_arrival_orchard, layout_basic, serial_forest,
          infiniplex_forest_end_2, infiniplex_forest_lined_2,
          infiniplex_forest_clump_C, infiniplex_forest_corner_1,
          infiniplex_forest_clump_diagonal, infiniplex_forest_end_1,
          infiniplex_forest_diagonal, infiniplex_forest_straight_4,
          shapermc_ecumenical_altar_acropolis
D:2:      layout_rooms, minmay_joined_circles

Skill      XL: |  1  2 |
---------------+-------+-----
Axes           | 3 |  3.5
Fighting       | 4 |  4.0
Armour         | |  3.6
Dodging        | |  0.1
Shields        | |  3.5

Action                   || total
-------------------------++-------
Melee: War axe           ||    51
  Use: Scroll            ||     4
       Potion            ||     1
Armor: Scale mail        ||    21
Dodge: Dodged            ||    43
Block: Buckler           ||    15
